 Dungeon Crawl Stone Soup version 0.31-a0-233-g139696dc86 (webtiles) character file.

Game seed: 7804312503364299423

16 qw the Shooter (level 2, 0/16 HPs)
             Began as a Gargoyle Hexslinger on July 9, 2023.
             Frozen to death by an endoplasm (3 damage)
             ... on level 1 of the Dungeon.
             The game lasted 00:00:09 (272 turns).

qw the Shooter (Gargoyle Hexslinger)                 Turns: 272, Time: 00:00:09

Health: 0/16       AC:  7    Str: 11    XL:     2   Next: 58%
Magic:  3/3        EV: 10    Int: 13    God:
Gold:   46         SH:  0    Dex: 12    Spells: 2/3 levels left

rFire   . . .        a - +1 sling
rCold   . . .        (no shield)
rNeg    + . .        d - +0 ring mail
rPois   inf          (no helmet)
rElec   +            (no cloak)
rCorr   .            (no gloves)
SInv    .            (no boots)
Will    .....        (no amulet)
Stlth   +            (no ring)
HPRegen 0.22/turn    (no ring)
MPRegen 0.08/turn

%: no passive effects
@: no status effects
A: sickness immunity, AC +2, negative energy resistance 1, electricity
resistance, torment resistance 1, petrification resistance
a: no special abilities


You were on level 1 of the Dungeon.
You visited 1 branch of the dungeon, and saw 1 of its levels.

You collected 46 gold pieces.


Innate Abilities, Weirdness & Mutations

You are immune to sickness and miasma.
Your stone body is resilient. (AC +2)
You are immune to poison.
You resist negative energy. (rN+)
You are resistant to electric shocks. (rElec)
You are resistant to unholy torment.
You are immune to petrification.


   Skills:
 + Level 1.4 Fighting
 - Level 3.0 Ranged Weapons
 - Level 1.5 Dodging
 - Level 1.0 Spellcasting
 - Level 2.6 Hexes


You had 2 spell levels left.
You knew the following spells:

 Your Spells              Type           Power      Damage    Failure   Level
a - Slow                  Hex            28%        N/A       22%         1

Your spell library contained the following spells:

 Spells                   Type           Power      Damage    Failure   Level
 Inner Flame              Hex/Fire       4%         N/A       75%         3
 Portal Projectile        Hex/Tloc       8%         N/A       75%         3
 Cause Fear               Hex            3%         N/A       92%         4

Inventory:

Hand Weapons
 a - a +1 sling (weapon)
Armour
 d - a +0 ring mail (worn)
Jewellery
 e - a +4 ring of protection
Scrolls
 b - a scroll of poison
 f - 2 scrolls of identify {unknown}
Potions
 g - a potion of curing {unknown}

Dungeon Overview and Level Annotations

Branches:
Dungeon (1/15)

Altars:


Message History

The sling bullet hits the giant cockroach.
The giant cockroach is heavily wounded.
The endoplasm freezes you.
You are frozen.
The giant cockroach barely misses you.
You shoot a sling bullet.
The sling bullet hits the giant cockroach.
The giant cockroach is almost dead.
The giant cockroach bites you but does no damage.
The endoplasm hits you but does no damage.
The giant cockroach closely misses you. The endoplasm misses you.
You shoot a sling bullet.
The sling bullet barely misses the giant cockroach.
The giant cockroach bites you but does no damage.
The endoplasm hits you but does no damage.
You shoot a sling bullet.
The sling bullet hits the giant cockroach.
You kill the giant cockroach!
The endoplasm freezes you.
You are frozen.
You shoot a sling bullet. The sling bullet hits the endoplasm.
The endoplasm is moderately wounded.
The endoplasm hits you but does no damage.
The endoplasm freezes you.
You are frozen.
You shoot a sling bullet.
The sling bullet hits the endoplasm but does no damage.
The endoplasm is lightly wounded.
The endoplasm freezes you.
You are frozen.
You shoot a sling bullet. The sling bullet hits the endoplasm.
The endoplasm is severely wounded.
The endoplasm freezes you.
You are frozen.
You shoot a sling bullet. The sling bullet hits the endoplasm.
The endoplasm is almost dead.
The endoplasm freezes you.
You are frozen.
The endoplasm freezes you.
You are frozen.
You die...

..# #.. 8.#
#........ #..
..# ###........
#.. ~~#
#.......... #.#
~~# .
#..........
.... ~~# #.#
#..........
..... ~~#
#...#..........
..... ~~#
##.........#
..... ~~#
......J@###
##... ~~#
.###.##...##
##.# ~~#
###..## #.# ~~#
##..## ###.#
~~#
##..#######....
~~#
##......#..#.#
~~#
######.......
~~# ##...#.#
~~# ##.....


You could see an endoplasm.

Vanquished Creatures
  A bat (D:1)
  An endoplasm (D:1)
  A giant cockroach (D:1)
  A hobgoblin (D:1)
  5 jackals (D:1)
  A quokka (D:1)
  2 ball pythons (D:1)
  2 rats (D:1)
14 creatures vanquished.

Notes
Turn   | Place    | Note
-------+----------+-------------------------------------------
     0 | D:1      | qw the Gargoyle Hexslinger began the quest for the Orb.
     0 | D:1      | Reached XP level 1. HP: 12/12 MP: 2/2
     0 | D:1      | 0 ||| qw: Version: 0.3-a-51-g015441d
     0 | D:1      | 0 ||| qw: Game counter: 4002
     0 | D:1      | 0 ||| qw: Melee chars always use a shield: true
     0 | D:1      | 0 ||| qw: God list: Okawaru
     0 | D:1      | 0 ||| qw: Allow faded altars: false
     0 | D:1      | 0 ||| qw: Do Orc after clearing Dungeon:15 true
     0 | D:1      | 0 ||| qw: Do second Lair branch before Depths: true
     0 | D:1      | 0 ||| qw: Lair rune preference: random
     0 | D:1      | 0 ||| qw: Goals: Normal
     0 | D:1      | 0 ||| PLANNING D:1-11
    94 | D:1      | Reached XP level 2. HP: 16/16 MP: 3/3
   178 | D:1      | Reached skill level 3 in Ranged Weapons
   191 | D:1      | 191 ||| UPGRADING to +0 ring mail.
   202 | D:1      | 202 ||| DROPPING +0 robe.
   271 | D:1      | HP: 4/16 [frozen (4)]
   272 | D:1      | Frozen to death by an endoplasm

Levels and vault maps discovered:
D:1:      zaba_arrival_water, layout_rooms, serial_glass, glass_columns_b,
          glass_columns_c, minmay_strange_pillars, minmay_split_cup_large

Skill      XL: |  1  2 |
---------------+-------+-----
Ranged Weapons | 3 |  3.0
Fighting       | |  1.4
Dodging        | |  1.5
Spellcasting   | |  1.0
Hexes          | |  2.6

Action                     || total
---------------------------++-------
   Fire: Sling             ||    45
 Armour: Ring mail         ||    10
         Robe              ||     3
         Skin              ||     1
  Dodge: Dodged            ||    22

Table legend:
 A = Non-vault XP
 B = Vault XP
 C = Vault XP percentage of total XP
 D = Non-vault monster count
 E = Vault monster count
 F = Vault count percentage of total count
                 A         B        C        D         E       F
            +---------+---------+-------+---------+---------+-------
      Total |      24 |       0 |   0.0 |      14 |       0 |   0.0
            +---------+---------+-------+---------+---------+-------
        D:1 |      24 |       0 |   0.0 |      14 |       0 |   0.0
            +---------+---------+-------+---------+---------+-------
